 Dungeon Crawl Stone Soup version 0.27-a0-984-g00e00afbbc (webtiles) character file.

Game seed: 16719338478279514667

612 Morbidden the Insei (level 7, 0/35 HPs)
             Began as a Vine Stalker Transmuter on Apr 15, 2021.
             Was an Initiate of Gozag.
             Slain by a killer bee (3 damage)
             ... on level 5 of the Dungeon.
             The game lasted 00:07:47 (4475 turns).

Morbidden the Insei (Vine Stalker Transmuter)       Turns: 4475, Time: 00:07:48

Health: 0/35       AC:  7    Str: 12    XL:     7   Next: 44%
Magic:  0/13       EV: 11    Int: 15    God:    Gozag
Gold:   128        SH:  0    Dex: 21    Spells: 8/12 levels left

rFire    . . .     SeeInvis +     - Unarmed
rCold    . . .     Faith    .   (no shield)
rNeg     . . .     Spirit   +   j - +0 ring mail
rPois    .         Reflect  .   (no helmet)
rElec    .         Harm     .   (no cloak)
rCorr    .         Rampage  .   (no gloves)
Will     .....                  u - +1 pair of boots
Stlth    ++........             (no amulet)
HPRegen  1.11/turn              i - +6 ring of dexterity
MPRegen  0.13/turn              l - ring of see invisible

@: lethally poisoned (0 -> -1), hasted, very quick
A: fangs 2, regeneration 1, magic shield, antimagic bite, no potion heal 2
a: Renounce Religion, Potion Petition, Call Merchant, Bribe Branch


You were on level 5 of the Dungeon.
You worshipped Gozag.
Gozag was aware of your devotion.
You visited 2 branches of the dungeon, and saw 6 of its levels.

You collected 195 gold pieces.
You paid 67 gold pieces to Gozag.

Inventory:

Missiles
 p - 3 javelins (quivered)
 t - 2 throwing nets
Armour
 j - a +0 ring mail (worn)
 u - a +1 pair of boots (worn)
Jewellery
 i - a +6 ring of dexterity (left hand)
 l - a ring of see invisible (right hand)
Wands
 q - a wand of polymorph (3)
Scrolls
 b - a scroll of immolation {unknown}
 c - 6 scrolls of identify
 g - a scroll of brand weapon
 h - 2 scrolls of fog {unknown}
 o - a scroll of holy word {unknown}
 s - a scroll of blinking {unknown}
 v - a scroll of noise {unknown}
Potions
 d - a potion of mutation {unknown}
 e - 3 potions of curing {unknown}
 f - a potion of degeneration {unknown}
 k - a potion of attraction {unknown}
 m - a potion of berserk rage {unknown}
 n - a potion of flight {unknown}
 r - a potion of brilliance {unknown}


   Skills:
 * Level 2.6 Fighting
 + Level 1.3 Armour
 + Level 2.6 Dodging
 + Level 1.5 Stealth
 + Level 4.8 Unarmed Combat
 * Level 3.3 Spellcasting
 * Level 3.5 Transmutations
 * Level 2.4 Poison Magic


You had 8 spell levels left.
You knew the following spells:

 Your Spells              Type           Power      Damage    Failure   Level
a - Beastly Appendage     Tmut           26%        N/A       10%         1
b - Spider Form           Tmut/Pois      5%         N/A       36%         3

Your spell library contained the following spells:

 Spells                   Type           Power      Damage    Failure   Level
 Wereblood                Tmut           13%        N/A       16%         2
 Passwall                 Tmut/Erth      5%         N/A       30%         2
 Sandblast                Erth           4%         2d4       38%         1
 Confusing Touch          Hex            2%         N/A       77%         3
 Gell's Gravitas          Tloc           1%         N/A       77%         3
 Stone Arrow              Conj/Erth      4%         3d7       77%         3
 Ice Form                 Ice/Tmut       7%         N/A       90%         4
 Petrify                  Tmut/Erth      7%         N/A       90%         4
 Hydra Form               Tmut           6%         N/A       95%         5
 Yara's Violent Unravell  Hex/Tmut       3%         3d4       99%         5
 Lee's Rapid Deconstruct  Erth           1%         3d5*      100%        5
 Metabolic Englaciation   Hex/Ice        1%         N/A       100%        5


Dungeon Overview and Level Annotations

Branches:
Dungeon (5/15)             Temple (1/1) D:5

Altars:
Ashenzari
Cheibriados
Elyvilon
Fedhas
Gozag
Hepliaklqana
Kikubaaqudgha
Makhleb
Nemelex Xobeh
Qazlal
Ru
Sif Muna
Trog
Vehumet
Wu Jian
Yredelemnul
Zin
The Shining One

Annotations:
D:4 1 runed translucent door, Jano's ghost, weakling DsDe
D:5 exclusions: centaur and killer bee


Innate Abilities, Weirdness & Mutations

You have extremely sharp teeth.
Your natural rate of healing is unusually fast.
When hurt, damage is shared between your health and your magic reserves.
Your bite disrupts and absorbs the magic of your enemies.
Potions cannot restore your health.


Message History

The killer bee is heavily wounded.
The killer bee stings you.
You are poisoned.
The killer bee poisons you! The centaur hits you.
The centaur kicks you but does no damage.
You completely miss the killer bee. Your bite misses the killer bee.
The killer bee is heavily wounded.
You feel sick. The killer bee barely misses you. The killer bee stings you.
You barely miss the killer bee.
The killer bee is heavily wounded.
You feel sick.
The centaur hits you but does no damage.
The centaur kicks you but does no damage.
The killer bee closely misses you.
Unknown command.
You hit the killer bee.
The killer bee is severely wounded.
The centaur hits you but does no damage.
The centaur closely misses you. The killer bee misses you.
You miss the killer bee.
The killer bee is heavily wounded.
You feel sick. The killer bee stings you.
* * * LOW HITPOINT WARNING * * *
You are more poisoned.
The killer bee poisons you! The centaur barely misses you.
The centaur closely misses you.
You barely miss the killer bee. Your bite misses the killer bee.
The killer bee is heavily wounded.
You feel sick. The killer bee stings you.
* * * LOW HITPOINT WARNING * * *
The centaur hits you.
* * * LOW HITPOINT WARNING * * *
The centaur barely misses you.
Unknown command.
You feel sick. The killer bee closely misses you.
You miss the killer bee.
The killer bee is heavily wounded.
You feel sick. The killer bee stings you.
You die...
Your body crumbles into a pile of gold.

#..#..#...#...##.##
+....#..$.....##.#
####..##......#.#).#
##.##÷.#.........#.##
###.##..##...#....##.#
....##..##...?.....#.#
..>.....###:....c#.#.#
..####..####...##y.#.# ..#
#...#######@.#..# .##
##.#..####..[....# .##
#..##...÷.....#..####
..###......##...........##
#..##..#####.............##
##.##..............(......#####
......#####...................#
#...### ##...................#
....### ##.......†............#


You could see a killer bee.

Vanquished Creatures
  A sky beast (D:4)
  2 phantoms
  2 iguanas
  Natasha (twice) (D:3)
  An orc wizard (D:3)
  A hound skeleton (D:5)
  3 gnolls
  7 adders
  A shadow imp (D:5)
  An ufetubus (D:2)
  An adder skeleton (D:4)
  A dart slug (D:2)
  8 orcs
  5 bats
  6 endoplasms
  6 giant cockroaches
  7 hobgoblins
  19 jackals
  2 quokkas (D:1)
  6 ball pythons
  3 frilled lizards
  9 goblins
  8 kobolds
  11 rats
113 creatures vanquished.

Notes
Turn   | Place    | Note
-------+----------+-------------------------------------------
     0 | D:1      | Morbidden the Vine Stalker Transmuter began the quest for
                  | the Orb.
     0 | D:1      | Reached XP level 1. HP: 9/9 MP: 4/4
    62 | D:1      | Reached XP level 2. HP: 7/14 MP: 3/6
   347 | D:1      | Reached skill level 1 in Fighting
   523 | D:1      | Reached XP level 3. HP: 7/18 MP: 7/7
   809 | D:1      | Found a faded altar of an unknown god.
  1759 | D:2      | Gained mutation: Your natural rate of healing is unusually
                  | fast. [Vine Stalker growth]
  1759 | D:2      | Reached XP level 4. HP: 20/22 MP: 8/8
  1811 | D:2      | Reached skill level 1 in Stealth
  2081 | D:2      | Learned a level 3 spell: Spider Form
  2209 | D:3      | Reached skill level 4 in Unarmed Combat
  2276 | D:2      | Reached XP level 5. HP: 25/25 MP: 3/10
  2731 | D:3      | Reached skill level 1 in Poison Magic
  2746 | D:3      | Noticed Natasha
  2755 | D:3      | Killed Natasha
  2827 | D:3      | Noticed Natasha
  2838 | D:3      | Killed Natasha
  2839 | D:3      | Reached XP level 6. HP: 21/30 MP: 7/11
  3280 | D:4      | Noticed Jano's ghost (weakling DsDe)
  3287 | D:4      | Found a runed translucent door.
  3581 | D:4      | Noticed a sky beast
  3599 | D:4      | Killed a sky beast
  3600 | D:4      | Reached skill level 1 in Armour
  3600 | D:4      | Reached XP level 7. HP: 32/35 MP: 9/12
  3960 | D:5      | Entered Level 5 of the Dungeon
  4172 | D:5      | Found a staircase to the Ecumenical Temple.
  4195 | Temple   | Entered the Ecumenical Temple
  4400 | Temple   | Became a worshipper of Gozag Ym Sagoz the Greedy
  4475 | D:5      | Slain by a killer bee

Illustrated notes

Levels and vault maps discovered:
D:1:      amcnicky_arrival_feature_with_door, layout_rooms, serial_glass,
          glass_columns_a, glass_columns_a, basic_ecumenical_altar
D:2:      layout_rooms, serial_park_tiny_2, minmay_domino_2
D:3:      layout_basic, minmay_misc_feat_roman, uniq_natasha
D:4:      layout_basic, hellmonk_ghost_happy_afterlife, abandoned_shop
D:5:      layout_rooms, minmay_overflow_temple_star_quad,
          minmay_temple_entry_waves, hellmonk_bongcloud_opening,
          minmay_manual_moon
Temple:   eino_narrow_crystal_temple

Skill      XL: |  1  2  3  4  5  6 |
---------------+-------------------+-----
Fighting       | 1 2 |  2.6
Dodging        | 2 |  2.6
Stealth        | 1 |  1.5
Unarmed Combat | 4 |  4.8
Poison Magic   | 1 2 |  2.4
Transmutations | 3 |  3.5
Spellcasting   | 3 |  3.3
Armour         | 1 |  1.3

Action                   |  1- 3 |  4- 6 |  7- 9 || total
-------------------------+-------+-------+-------++-------
Melee: Unarmed           |   114 |   195 |    78 ||   387
       Bite              |    23 |    61 |    23 ||   107
       Kick              |     6 |    22 |     4 ||    32
       Headbutt          |     4 |     7 |     1 ||    12
       Punch             |     3 |     4 |       ||     7
 Cast: Beastly Appendage |     4 |    10 |     2 ||    16
  Use: Potion            |     1 |       |     1 ||     2
       Scroll            |     1 |       |       ||     1
 Stab: Sleeping          |     2 |     1 |       ||     3
Armor: Robe              |    24 |    16 |       ||    40
       Ring mail         |       |    39 |    30 ||    69
Dodge: Dodged            |    71 |   125 |    40 ||   236

Table legend: (Time is in decaauts)
 A = Elapsed time spent in this place.
 B = Non-inter-level travel time spent in this place.
 C = Inter-level travel time spent in this place.
 D = Time resting spent in this place.
 E = Time spent auto-exploring this place.
 F = Levels seen in this place.
 G = Mean time per level.
                   A        B        C        D        E       F      G
               +--------+--------+--------+--------+--------+-----+--------+
         Total |   4426 |   4227 |    199 |    584 |   2651 |   6 |  737.7 |
       Dungeon |   4205 |   4043 |    162 |    584 |   2473 |   5 |  841.0 |
        Temple |    220 |    183 |     37 |      0 |    178 |   1 |  220.0 |
               +--------+--------+--------+--------+--------+-----+--------+

Top non-repeatable levels by time:
     D:1: 1255 daAuts
     D:2: 1194 daAuts
     D:4: 752 daAuts
     D:3: 719 daAuts
     D:5: 284 daAuts
  Temple: 220 daAuts
